 Dungeon Crawl Stone Soup version 0.23.2-1-ga50397a6bc (webtiles) character file.

Game seed: 17747463063719525966

386585 PentaManta the Acrobat (level 23, -6/198 HPs)
             Began as a Merfolk Monk on May 30, 2019.
             Was the Champion of Dithmenos.
             Mangled by a titan (34 damage)
             ... on level 4 of the Vaults.
             The game lasted 05:39:02 (58683 turns).

PentaManta the Acrobat (Merfolk Monk)              Turns: 58683, Time: 05:39:02

Health: -6/198     AC: 19    Str: 12 (13) XL:     23   Next: 31%
Magic:  41/41      EV: 35    Int: 10 (11) God:    Dithmenos [******]
Gold:   1845       SH: 23    Dex: 23 (24) Spells: 22/22 levels left

rFire    . . .     SeeInvis +   S - +8 scimitar (slice)
rCold    . . .     Gourm    .   i - +5 shield
rNeg     . . .     Faith    .   q - +4 troll leather armour {Snorg}
rPois    +         Spirit   .   W - +2 helmet
rElec    .         Reflect  .   y - +0 cloak
rCorr    +         Harm     .   N - +1 pair of gloves
MR       ++...                  l - +2 pair of boots
Stlth    +++++++++.             O - amulet of regeneration
HPRegen  1.23/turn              j - ring of Elyvilon's Scorn {rCorr +Inv rPois Str+3 Stlth-}
MPRegen  0.27/turn              h - ring of Ryshocine {MP+9 SInv}

@: wreathed by umbra
A: change form in water, swift swim, stealthy swim, large bone plates 1,
deterioration 1, magic resistance 1, weak 1, wild magic 1
}: 1/15 runes: gossamer
a: Shadow Step, Shadow Form, Renounce Religion, Evoke Invisibility


You were on level 4 of the Vaults.
You worshipped Dithmenos.
Dithmenos was exalted by your worship.
You were not hungry.

You visited 8 branches of the dungeon, and saw 40 of its levels.
You visited the Abyss 3 times.
You visited 1 bazaar.
You also visited: Sewer and Ice Cave.

You collected 3950 gold pieces.
You spent 2105 gold pieces at shops.

Inventory:

Hand Weapons
 b - a +3 dagger of venom
 S - a +8 scimitar of slicing (weapon)
Missiles
 v - 49 tomahawks (quivered)
 T - 19 javelins
Armour
 i - a +5 shield (worn)
 l - a +2 pair of boots (worn)
 q - a +4 troll leather armour (worn) {Snorg}
 y - a +0 cloak (worn)
 N - a +1 pair of gloves (worn)
 W - a +2 helmet (worn)
Jewellery
 h - the ring of Ryshocine (right hand) {MP+9 SInv}
   (You found it on level 3 of the Spider Nest)

   [ring of magical power]

   It affects your magic capacity (+9).
   It lets you see invisible.
 j - the ring of Elyvilon's Scorn (left hand) {rCorr +Inv rPois Str+3 Stlth-}
   (You took it off a green draconian on level 2 of the Abyss)

   [ring of resist corrosion]

   It affects your strength (+3).
   It protects you from poison.
   It lets you turn invisible.
   It makes you less stealthy.
 r - an uncursed ring of fire
 H - the ring "Fucziblu" {+Blink rN+ EV+5}
   (You took it off a spriggan druid on level 3 of the Swamp)

   [ring of evasion]

   It affects your evasion (+5).
   It protects you from negative energy.
   It lets you blink.
 O - an amulet of regeneration (around neck)
 U - an uncursed ring of ice
Wands
 f - a wand of clouds (3)
 m - a wand of iceblast (31)
 n - a wand of paralysis (9)
 o - a wand of disintegration (14)
 t - a wand of enslavement (22)
 x - a wand of polymorph (7)
 G - a wand of acid (14)
Scrolls
 e - a scroll of silence
 k - 2 scrolls of enchant armour
 p - 4 scrolls of fog
 s - 2 scrolls of fear
 E - 6 scrolls of teleportation
 F - a scroll of amnesia
 J - 3 scrolls of remove curse
 M - 5 scrolls of magic mapping
 Y - 9 scrolls of identify
 Z - a scroll of blinking
Potions
 a - 2 potions of curing
 d - 7 potions of lignification
 u - 4 potions of might
 w - 2 potions of resistance
 z - 3 potions of ambrosia
 A - 5 potions of haste
 B - 4 potions of cancellation
 D - 2 potions of brilliance
 I - a potion of berserk rage
 K - a potion of mutation
 P - 5 potions of flight
 Q - 4 potions of heal wounds
 V - 2 potions of agility
Miscellaneous
 g - a sack of spiders
 C - a lamp of fire
 L - a lightning rod (4/4)
Comestibles
 c - 52 rations


   Skills:
 + Level 20.5 Fighting
 - Level 9.0(12.8) Short Blades
 - Level 13.6(14.4) Long Blades
 - Level 10.0 Throwing
 - Level 8.0 Armour
 + Level 26.2 Dodging
 - Level 14.2 Stealth
 - Level 15.0 Shields
 - Level 12.1 Evocations


You had 22 spell levels left.
You didn't know any spells.
Your spell library contained the following spells:

 Spells                   Type           Power        Failure   Level  Hunger
 Animate Skeleton         Necr           N/A          52%         1    ##.....
 Beastly Appendage        Tmut           #.....       52%         1    ##.....
 Confusing Touch          Hex            #.....       52%         1    ##.....
 Corona                   Hex            #......      52%         1    ##.....
 Infusion                 Chrm           #...         52%         1    ##.....
 Magic Dart               Conj           #...         52%         1    ##.....
 Pain                     Necr           #...         52%         1    ##.....
 Blink                    Tloc           N/A          65%         2    ###....
 Call Imp                 Summ           #.......     65%         2    ###....
 Corpse Rot               Necr           N/A          65%         2    ###....
 Poisonous Vapours        Pois/Air       #.....       65%         2    ###....
 Shroud of Golubria       Chrm/Tloc      #.........   65%         2    ###....
 Slow                     Hex            #.......     65%         2    ###....
 Song of Slaying          Chrm           #.......     65%         2    ###....
 Sticks to Snakes         Tmut           #.......     65%         2    ###....
 Sublimation of Blood     Necr           #.........   65%         2    ###....
 Confuse                  Hex            #.......     86%         3    ####...
 Conjure Flame            Conj/Fire      #.......     86%         3    ####...
 Gell's Gravitas          Tloc           #.........   86%         3    ####...
 Ignite Poison            Fire/Tmut/Pois #.......     86%         3    ####...
 Inner Flame              Hex/Fire       #.......     86%         3    ####...
 Lesser Beckoning         Tloc           #.........   86%         3    ####...
 Mephitic Cloud           Conj/Pois/Air  #.......     86%         3    ####...
 Portal Projectile        Hex/Tloc       #.....       86%         3    ####...
 Regeneration             Chrm/Necr      #.........   86%         3    ####...
 Spectral Weapon          Hex/Chrm       #.......     86%         3    ####...
 Spider Form              Tmut/Pois      #.........   86%         3    ####...
 Teleport Other           Tloc           #.......     86%         3    ####...
 Vampiric Draining        Necr           #.........   86%         3    ####...
 Animate Dead             Necr           N/A          99%         4    #####..
 Cause Fear               Hex            #.........   99%         4    #####..
 Ice Form                 Ice/Tmut       #.......     99%         4    #####..
 Leda's Liquefaction      Hex/Erth       #.........   99%         4    #####..
 Passage of Golubria      Tloc           N/A          99%         4    #####..
 Petrify                  Tmut/Erth      #.......     99%         4    #####..
 Summon Ice Beast         Ice/Summ       #.......     99%         4    #####..
 Agony                    Necr           #.......     100%        5    ######.
 Alistair's Intoxication  Tmut/Pois      #.......     100%        5    ######.
 Blade Hands              Tmut           #.........   100%        5    ######.
 Bolt of Draining         Conj/Necr      #.........   100%        5    ######.
 Dispel Undead            Necr           #.......     100%        5    ######.
 Excruciating Wounds      Chrm/Necr      #.........   100%        5    ######.
 Irradiate                Conj/Tmut      #.........   100%        5    ######.
 Metabolic Englaciation   Hex/Ice        #.........   100%        5    ######.
 Silence                  Hex/Air        #.........   100%        5    ######.
 Yara's Violent Unravell  Hex/Tmut       #.........   100%        5    ######.
 Deflect Missiles         Chrm/Air       #.........   100%        6    #######
 Freezing Cloud           Conj/Ice/Air   #.........   100%        6    #######
 Shadow Creatures         Summ           N/A          100%        6    #######
 Ring of Flames           Chrm/Fire      #.........   100%        7    #######
 Spellforged Servitor     Conj/Summ      #.........   100%        7    #######
 Discord                  Hex            #.........   100%        8    #######


Dungeon Overview and Level Annotations

Branches:
Dungeon (15/15)            Temple (1/1) D:5            Lair (6/6) D:10
  Swamp (4/4) Lair:4       Spider (4/4) Lair:3        Slime (0/5) Lair:5
    Orc (2/2) D:11            Elf (3/3) Orc:2        Vaults (5/5) D:13
  Crypt (0/3) Vaults:2     Depths (0/5) D:15

Altars:
Ashenzari
Cheibriados
Dithmenos
Elyvilon
Fedhas
Gozag
Hepliaklqana
Kikubaaqudgha
Makhleb
Nemelex Xobeh
Okawaru
Qazlal
Ru
Sif Muna
Trog
Uskayaw
Vehumet
Wu Jian
Xom
Yredelemnul
Zin
The Shining One
Jiyva

Shops:
D:10 (   D:13 [   Orc:2 }[*!   Vaults:1 *   Vaults:2 !

Portals:
Pandemonium: Orc:2
Trove: Elf:2 (give 5 scrolls of blinking)

Annotations:
Swamp:4 Lernaean hydra


Innate Abilities, Weirdness & Mutations

You revert to your normal form in water You are very nimble and swift while swimming.
You are very stealthy in the water. (Stealth+)
You are partially covered in large bone plates. (SH +4)
Your body sometimes deteriorates upon taking damage.
You are resistant to hostile enchantments. (MR+)
You are weak. (Str -2)
Your spells are a little harder to cast, but a little more powerful.


Message History

Your shadow hits the titan but does no damage.
You completely miss the titan.
The titan is severely wounded.
You block the titan's attack.
You hit the titan.
The titan is severely wounded.
Your shadow hits the titan but does no damage.
The titan mumbles some strange words.
The titan is healed somewhat.
You hit the titan.
The titan is severely wounded.
Your shadow hits the titan but does no damage.
You hit the titan.
The titan is severely wounded.
The titan casts a spell.
The titan is healed somewhat.
You hit the titan but do no damage.
The titan is heavily wounded.
The titan hits you!!
You die...

#......#................).
#......#...#.###...#.###..
#......#...#...#...#.#.#..
#......#...###.#...###.#..
#......#...#(#.#...#[#(#..
#......#..§#[#####.#.#.#..
#......#)§[[(..#.#.#......
#......#§§C§..(#.###.....<
#......#§@§......#.#......
#......#§§.#######.#.###..
#......#....)#.....#.#....
#......#...###.#...#####..
#......#...#...#.....#....
#[.....#...#####...#####..
#......#.())..............
#......#..................
#......#..................


You could see a titan.

Vanquished Creatures
  A golden dragon (Vaults:4)
  A bone dragon (Abyss:2)
  A tentacled monstrosity (Vaults:4)
  Rupert (D:12)
  Asterion (Spider:3)
  2 liches
  A quicksilver dragon (Vaults:4)
  A deep elf blademaster (Elf:1)
  2 titans (Vaults:4)
  4 tentacled starspawn (Abyss:2)
  A thorn hunter (Swamp:4)
  A storm dragon (Vaults:4)
  2 sphinxes
  Gastronok (D:12)
  2 tengu reavers
  A shadow dragon (Vaults:4)
  2 fire giants (Vaults:4)
  5 frost giants
  4 ghost moths (Spider:4)
  12 vault wardens
  4 emperor scorpions (Spider:4)
  Aizul (Spider:1)
  7 deep elf sorcerers
  A ghoul (Vaults:2)
  13 ironheart preservers
  The ghost of Ikly the Bludgeoner, a journeyman GrFi of Okawaru (Spider:3)
  4 stone giants
  3 war gargoyles (Vaults:4)
  8 entropy weavers
  3 very ugly things
  3 deep elf annihilators
  6 deep elf demonologists
  A green draconian (Abyss:2)
  The ghost of
  1994 the Fighter, a journeyman OgBe of Trog (D:11)
  3 ettins (Vaults:4)
  3 spark wasps
  Snorg (D:13)
  4 fire dragons
  Josephine (Lair:6)
  9 yaktaur captains
  4 great orbs of eyes
  4 deep elf high priests
  A great orb of eyes (shapeshifter) (D:13)
  26 vault guards
  2 ice dragons
  A rakshasa (Vaults:2)
  A peacekeeper (Elf:1)
  A hydra (shapeshifter) (Vaults:4)
  The ghost of raetorn the Thaumaturge, a journeyman GnSk of Cheibriados (D:7)
  Erolcha (Orc:2)
  33 hydras
  6 centaur warriors
  2 ghost crabs
  2 shambling mangroves
  The ghost of vierth the Basher, a novice MiBe of Trog (D:10)
  21 dancing weapons
  32 two-headed ogres
  A queen ant (Spider:4)
  12 ogre magi
  14 alligators
  A deep troll shaman (Vaults:4)
  4 death knights
  6 orc high priests
  Urug (Lair:2)
  6 thrashing horrors (Abyss:2)
  26 deep elf knights
  A soul eater (Orc:2)
  3 wretched stars (Abyss:2)
  5 spriggans
  A sixfirhy (Abyss:2)
  4 skeletal warriors
  3 unseen horrors
  A storm dragon skeleton (Vaults:3)
  7 deep trolls
  A flayed ghost (Vaults:4)
  A glowing orange brain (Vaults:3)
  6 large abominations (Abyss:2)
  17 swamp dragons
  2 spriggan druids
  An unseen horror (shapeshifter) (Vaults:4)
  An infernal demonspawn (Orc:2)
  An anaconda zombie (Abyss:2)
  5 starcursed masses (Abyss:2)
  6 phantasmal warriors
  An obsidian statue (D:10)
  2 wizards
  A lindwurm (shapeshifter) (Vaults:4)
  17 ironbrand convokers
  An oklob plant (Lair:6)
  A mana viper (shapeshifter) (Vaults:4)
  13 deep elf archers
  43 wolf spiders
  14 orc knights
  A mana viper (Abyss:2)
  6 orc sorcerers (Orc:2)
  49 ugly things
  2 manticores (D:15)
  3 necromancers
  A wolf spider zombie (D:14)
  17 orb spiders
  6 cyclopes
  52 deep elf magi
  A salamander (shapeshifter) (Vaults:4)
  A frost giant zombie (Vaults:3)
  10 elephants (Lair:6)
  A rust devil (Orc:1)
  An apocalypse crab (Abyss:2)
  5 ice statues (IceCv)
  2 centaur zombies (D:13)
  A water nymph (shapeshifter) (Vaults:4)
  5 black mambas
  4 smoke demons (Abyss:2)
  14 vault sentinels
  28 spiny frogs
  3 centaur skeletons
  3 torpor snails
  2 storm dragon simulacra (Vaults:3)
  An orange demon (Orc:2)
  A gargoyle (D:10)
  18 demonic crawlers
  A rime drake (shapeshifter) (Elf:2)
  2 kobold demonologists (D:15)
  A rime drake (Lair:4)
  34 yaktaurs
  12 komodo dragons
  A komodo dragon (shapeshifter) (Vaults:4)
  3 freezing wraiths
  3 anaconda simulacra (IceCv)
  A jumping spider (shapeshifter) (Vaults:2)
  7 trolls
  48 jumping spiders
  22 hornets
  29 slime creatures
  24 blink frogs
  3 meliai (Spider:3)
  2 saltlings (Elf:1)
  A sphinx simulacrum (Vaults:3)
  A polar bear (Lair:6)
  3 raiju (Abyss:2)
  13 tyrant leeches
  An ettin zombie (Vaults:4)
  10 hippogriffs
  8 bog bodies
  A dream sheep (shapeshifter) (Vaults:4)
  Grinder (D:4)
  A meliai zombie (D:13)
  A redback (shapeshifter) (Vaults:1)
  3 shadows
  3 air elementals
  23 yaks
  A vampire (D:10)
  An ettin skeleton (Vaults:3)
  72 redbacks
  4 hogs (D:7)
  41 tarantellas
  3 wyverns
  2 ynoxinuls
  A hog (shapeshifter) (D:13)
  A human (shapeshifter) (Vaults:3)
  9 water elementals
  8 wraiths
  A spriggan (shapeshifter) (Vaults:4)
  5 fire elementals
  A human (D:7)
  2 basilisks
  A basilisk (shapeshifter) (D:13)
  3 hungry ghosts
  A steam dragon (D:10)
  The ghost of PentaManta the Ducker, an amateur MfMo (D:5)
  29 vampire mosquitoes
  2 harpy simulacra (IceCv)
  Grum (D:11)
  A human simulacrum (Vaults:1)
  11 chaos spawn
  A neqoxec (Abyss:2)
  2 iron troll simulacra (IceCv)
  A warg (Orc:2)
  17 swamp worms
  15 insubstantial wisps
  10 soldier ants (Spider:4)
  9 small abominations (Abyss:2)
  8 acid dragons
  2 hydra simulacra (IceCv)
  16 water moccasins
  12 porcupines
  2 hornet zombies
  A black bear (D:8)
  16 swamp drakes
  2 eyes of draining (D:15)
  46 orc warriors
  8 sky beasts
  11 ice beasts
  22 ogres
  2 boggarts
  15 centaurs
  14 wolves
  14 crocodiles
  2 elf skeletons
  10 big kobolds
  35 bullfrogs
  A deep troll simulacrum (Vaults:4)
  A glowing shapeshifter simulacrum (Vaults:3)
  2 earth elementals
  2 gnoll sergeants (D:11)
  4 scorpions
  6 killer bees
  6 electric eels
  8 howler monkeys
  3 wights
  7 crimson imps
  2 quasits
  4 bullfrog skeletons
  2 bullfrog zombies
  27 orc priests
  Crazy Yiuf (D:5)
  5 hounds
  5 jellies
  26 orc wizards
  Jessica (D:2)
  4 iguanas
  29 worker ants
  A hound skeleton (D:4)
  2 howler monkey zombies
  A worker ant zombie (D:9)
  13 adders
  9 gnolls
  An adder (shapeshifter) (D:13)
  3 river rats
  5 shadow imps
  2 ufetubi (Abyss:2)
  6 oozes
  3 adder skeletons
  5 worms
  2 dart slugs
  11 leopard geckos
  106 orcs
  6 bats
  8 giant cockroaches
  9 goblins
  5 hobgoblins
  14 jackals
  13 kobolds
  8 quokkas
  4 ball pythons
  5 frilled lizards
  A leopard gecko skeleton (D:6)
  19 rats
  A fungus (D:5)
  3 starspawn tentacles (Abyss:2)
1900 creatures vanquished.

Vanquished Creatures (collateral kills)
  A lich (Vaults:4)
  A deep elf demonologist (Elf:1)
  A deep elf knight (Vaults:4)
3 creatures vanquished.

Vanquished Creatures (others)
  An alligator (Swamp:4)
  A spriggan druid (Swamp:2)
  A deep elf archer (Elf:2)
  2 orb spiders
  A deep elf mage (Elf:2)
  A large abomination (Abyss:2)
  A hornet (Swamp:2)
  A redback (Vaults:3)
  A spriggan (Swamp:2)
  A steam dragon (Lair:5)
  A vampire mosquito (Swamp:1)
  A boggart (Elf:1)
  An ogre (Vaults:4)
  An orc wizard (D:7)
  A bush (Lair:6)
  14 fungi
  34 plants
  34 starspawn tentacles (Abyss:2)
98 creatures vanquished.

Grand Total: 2001 creatures vanquished

Notes
Turn   | Place    | Note
-------+----------+-------------------------------------------
     0 | D:1      | PentaManta the Merfolk Monk began the quest for the Orb.
     0 | D:1      | Reached XP level 1. HP: 18/18 MP: 1/1
   338 | D:1      | Reached XP level 2. HP: 24/24 MP: 2/2
   659 | D:1      | Reached skill level 5 in Dodging
   825 | D:1      | Reached XP level 3. HP: 27/29 MP: 3/3
  2026 | D:2      | Noticed Jessica
  2040 | D:2      | Killed Jessica
  2040 | D:2      | Reached XP level 4. HP: 22/35 MP: 4/4
  2181 | D:1      | Reached skill level 6 in Dodging
  2536 | D:2      | Reached XP level 5. HP: 41/41 MP: 5/5
  2803 | D:3      | Reached skill level 5 in Short Blades
  2803 | D:3      | Reached skill level 7 in Dodging
  2991 | D:3      | Reached XP level 6. HP: 45/47 MP: 6/6
  3483 | D:4      | Noticed Grinder
  3518 | D:4      | Killed Grinder
  3518 | D:4      | Reached skill level 8 in Dodging
  3518 | D:4      | Reached XP level 7. HP: 46/52 MP: 7/7
  3582 | D:4      | Reached skill level 9 in Dodging
  4045 | D:5      | Entered Level 5 of the Dungeon
  4057 | D:5      | Found a glowing drain.
  4112 | Sewer    | Entered a sewer
  4351 | Sewer    | Reached skill level 10 in Dodging
  4493 | Sewer    | Reached XP level 8. HP: 58/58 MP: 8/8
  4822 | D:5      | Reached skill level 11 in Dodging
  4970 | D:5      | Found a staircase to the Ecumenical Temple.
  4979 | Temple   | Entered the Ecumenical Temple
  5078 | Temple   | Became a worshipper of Dithmenos the Shadowed
  5078 | Temple   | Reached * piety under Dithmenos
  5078 | Temple   | Reached ** piety under Dithmenos
  5340 | D:5      | Found a runed translucent door.
  5341 | D:5      | Noticed PentaManta's ghost (amateur MfMo)
  5455 | D:5      | Killed PentaManta's ghost
  6018 | D:5      | Found a runed translucent door.
  6019 | D:5      | Noticed Crazy Yiuf
  6026 | D:5      | Killed Crazy Yiuf
  6191 | D:6      | Reached skill level 12 in Dodging
  6268 | D:6      | Reached XP level 9. HP: 64/64 MP: 9/9
  6817 | D:7      | Reached *** piety under Dithmenos
  6817 | D:7      | Reached skill level 1 in Long Blades
  6817 | D:7      | Reached skill level 13 in Dodging
  7437 | D:7      | Found an iron altar of Okawaru.
  7464 | D:7      | Reached XP level 10. HP: 73/73 MP: 10/10
  7499 | D:7      | Reached skill level 5 in Fighting
  7499 | D:7      | Reached skill level 5 in Long Blades
  7499 | D:7      | Reached skill level 14 in Dodging
  7940 | D:7      | Found a transporter.
  7945 | D:7      | Noticed raetorn's ghost (journeyman GnSk)
  7954 | D:7      | Identified the cursed +0 leather armour of Weightlessness
                  | {Dex+7}
  7964 | D:7      | Found a transporter.
  8761 | D:8      | Reached **** piety under Dithmenos
  9575 | D:9      | Noticed a five-headed hydra
  9576 | D:9      | Noticed a centaur warrior
  9750 | D:8      | Killed a five-headed hydra
  9750 | D:8      | Reached skill level 15 in Dodging
  9959 | D:9      | Got an ichor-stained leather armour
  9990 | D:8      | Identified the +1 leather armour of Wuuruj {+Inv rC+} (You
                  | found it on level 9 of the Dungeon)
 10058 | D:9      | Got a transparent falchion
 10059 | D:9      | Identified the +6 falchion "Cabladdi" {freeze, rF+} (You
                  | found it on level 9 of the Dungeon)
 10126 | D:9      | Killed a centaur warrior
 10126 | D:9      | Reached XP level 11. HP: 46/83 MP: 11/11
 10928 | D:10     | Entered Level 10 of the Dungeon
 11472 | D:10     | Found a staircase to the Lair.
 12005 | D:10     | Reached ***** piety under Dithmenos
 12023 | D:10     | Reached skill level 5 in Shields
 12069 | D:10     | Found a runed translucent gate.
 12069 | D:10     | Found a runed translucent gate.
 12070 | D:10     | Found a runed translucent gate.
 12071 | D:10     | Found an opulent altar of Gozag.
 12071 | D:10     | Noticed an obsidian statue
 12072 | D:10     | Noticed vierth's ghost (novice MiBe)
 12290 | D:10     | Found a large runed translucent door.
 12290 | D:10     | Found a large runed translucent door.
 12359 | D:10     | Found Huiwij's Weapon Shoppe.
 12608 | D:11     | Noticed a six-headed hydra
 12623 | D:11     | Killed a six-headed hydra
 12968 | D:11     | Reached skill level 10 in Long Blades
 13005 | D:11     | Found a staircase to the Orcish Mines.
 13381 | D:11     | Noticed Grum
 13389 | D:11     | Killed Grum
 13395 | D:11     | Reached XP level 12. HP: 85/92 MP: 12/12
 13409 | D:11     | Found a large runed translucent door.
 13422 | D:11     | Found a large runed translucent door.
 13982 | D:11     | Noticed 1994's ghost (journeyman OgBe)
 14345 | D:10     | Bought a +2 scimitar of protection for 218 gold pieces
 14744 | D:12     | Noticed Gastronok
 14786 | D:12     | Killed Gastronok
 15062 | D:12     | Noticed Rupert
 15117 | D:12     | Killed Rupert
 15439 | D:13     | Noticed Snorg
 15574 | D:13     | Noticed a centaur warrior
 15610 | D:13     | Killed Snorg
 15641 | D:12     | Killed a centaur warrior
 16009 | D:13     | Noticed a soul eater
 16336 | Orc:1    | Entered Level 1 of the Orcish Mines
 16389 | Orc:1    | Noticed an orc high priest
 16399 | Orc:1    | Noticed a soul eater
 16571 | D:11     | Identified 2 scrolls of acquirement
 17037 | D:11     | Killed an orc high priest
 17037 | D:11     | Reached XP level 13. HP: 79/101 MP: 13/13
 17113 | D:11     | Got a faintly humming chain mail
 17130 | D:11     | Identified the +1 chain mail "Anoaw" {rCorr Dex+3} (You
                  | acquired it on level 11 of the Dungeon)
 17513 | Orc:2    | Entered Level 2 of the Orcish Mines
 17642 | Orc:2    | Noticed Erolcha
 17843 | Orc:2    | Found a staircase to the Elven Halls.
 17978 | Orc:2    | Found a radiant altar of Vehumet.
 18128 | Orc:2    | Found Dyfoggia's General Store.
 18184 | Orc:1    | Reached ****** piety under Dithmenos
 18253 | Elf:1    | Entered Level 1 of the Elven Halls
 18616 | Orc:2    | Found Uteyn's Distillery.
 18889 | Orc:2    | Bought a potion of heal wounds for 65 gold pieces
 18889 | Orc:2    | Bought a potion of heal wounds for 65 gold pieces
 18889 | Orc:2    | Bought a potion of might for 52 gold pieces
 18889 | Orc:2    | Bought a potion of berserk rage for 65 gold pieces
 18889 | Orc:2    | Bought a potion of curing for 39 gold pieces
 18889 | Orc:2    | Bought a potion of heal wounds for 65 gold pieces
 18889 | Orc:2    | Bought a potion of curing for 39 gold pieces
 18916 | Orc:2    | Reached skill level 10 in Shields
 18958 | Orc:2    | Killed Erolcha
 19467 | Orc:2    | Reached skill level 10 in Fighting
 20272 | Orc:2    | Found Ymis's Antique Armour Shoppe.
 20272 | Orc:2    | Found a one-way gate leading to the halls of Pandemonium.
 20272 | Orc:2    | Found Yvyod's Gadget Emporium.
 20866 | D:7      | Killed raetorn's ghost
 21012 | Lair:1   | Entered Level 1 of the Lair of Beasts
 21245 | Lair:1   | Reached XP level 14. HP: 99/111 MP: 14/14
 21842 | Lair:2   | Noticed Urug
 21846 | Lair:2   | Killed Urug
 22797 | Lair:3   | Found a hole to the Spider Nest.
 23977 | Lair:4   | Found a staircase to the Swamp.
 24586 | Lair:5   | Found a runed translucent door.
 24586 | Lair:5   | Found a viscous altar of Jiyva.
 24775 | Lair:5   | Reached skill level 16 in Dodging
 24969 | Lair:5   | Found a staircase to the Slime Pits.
 25048 | Lair:6   | Entered Level 6 of the Lair of Beasts
 25800 | Lair:6   | Reached XP level 15. HP: 93/120 MP: 15/15
 26094 | Lair:6   | Noticed Josephine
 26154 | Lair:6   | Killed Josephine
 27320 | Spider:1 | Entered Level 1 of the Spider Nest
 27462 | Spider:1 | Reached skill level 17 in Dodging
 27751 | Swamp:1  | Entered Level 1 of the Swamp
 28084 | Swamp:1  | Found a frozen archway.
 28425 | Swamp:1  | Reached skill level 15 in Shields
 28817 | Swamp:2  | Found a frozen archway.
 28855 | Swamp:2  | Reached skill level 1 in Throwing
 28967 | IceCv    | Entered an ice cave
 29009 | IceCv    | Reached XP level 16. HP: 118/131 MP: 14/16
 30161 | Swamp:2  | Reached skill level 5 in Stealth
 30499 | D:13     | Found Piablum's Antique Armour Shoppe.
 30531 | D:13     | Found a gate to the Vaults.
 31215 | D:13     | Bought a pair of slimy boots for 294 gold pieces
 31225 | D:13     | Identified the +0 pair of boots of Neitaeck {+Blink} (You
                  | bought it in a shop on level 13 of the Dungeon)
 31251 | D:13     | Bought a pair of runed boots for 232 gold pieces
 31960 | D:14     | Reached skill level 18 in Dodging
 32376 | D:15     | Entered Level 15 of the Dungeon
 33198 | D:15     | Found a staircase to the Depths.
 33917 | D:15     | Reached skill level 10 in Stealth
 33922 | D:15     | Reached XP level 17. HP: 95/140 MP: 17/17
 34273 | D:11     | Killed 1994's ghost
 34501 | D:10     | Killed vierth's ghost
 34695 | Orc:2    | Bought a potion of lignification for 39 gold pieces
 34695 | Orc:2    | Bought 2 potions of curing for 78 gold pieces
 34695 | Orc:2    | Bought a potion of agility for 52 gold pieces
 34695 | Orc:2    | Bought a potion of berserk rage for 65 gold pieces
 34724 | Orc:2    | Bought a wand of acid (8) for 312 gold pieces
 34811 | Elf:1    | Found a huge runed gate.
 34811 | Elf:1    | Found a huge runed gate.
 34813 | Elf:1    | Found a huge runed gate.
 34815 | Elf:1    | Found a huge runed gate.
 34817 | Elf:1    | Found a huge runed gate.
 34817 | Elf:1    | Found a huge runed gate.
 34823 | Elf:1    | Found a huge runed gate.
 34823 | Elf:1    | Found a huge runed gate.
 34824 | Elf:1    | Found a huge runed gate.
 34834 | Elf:1    | Found a huge runed gate.
 34834 | Elf:1    | Found a huge runed gate.
 34882 | Elf:1    | You fall through a shaft!
 35365 | Elf:1    | Found a huge runed gate.
 35365 | Elf:1    | Found a huge runed gate.
 35365 | Elf:1    | Found a huge runed gate.
 35365 | Elf:1    | Found a huge runed gate.
 35547 | Elf:1    | Found a huge runed gate.
 35561 | Elf:1    | Found a huge runed gate.
 35561 | Elf:1    | Found a huge runed gate.
 35562 | Elf:1    | Found a huge runed gate.
 35586 | Elf:1    | Found a huge runed gate.
 35587 | Elf:1    | Found a huge runed gate.
 35587 | Elf:1    | Found a huge runed gate.
 35590 | Elf:1    | Found a huge runed gate.
 35594 | Elf:1    | Found a huge runed gate.
 35768 | Elf:1    | Found a huge runed gate.
 35771 | Elf:1    | Found a huge runed gate.
 35772 | Elf:1    | Found a huge runed gate.
 36114 | Elf:1    | Noticed a deep elf blademaster
 36119 | Elf:1    | Noticed an Ice Fiend
 36376 | Elf:2    | Found a portal to a secret trove of treasure.
 36535 | Elf:2    | Reached skill level 19 in Dodging
 36846 | Elf:2    | Reached skill level 15 in Fighting
 37529 | Elf:2    | Found a runed translucent door.
 37529 | Elf:2    | Found a runed translucent door.
 38151 | Elf:2    | Reached XP level 18. HP: 122/149 MP: 15/18
 38416 | Elf:1    | Cast into level 2 of the Abyss (a deep elf demonologist)
 38429 | Abyss:2  | Got a scorched long sword
 38430 | Abyss:2  | Identified the +1 long sword of Wewayluu {freeze, rN+} (You
                  | found it on level 2 of the Abyss)
 38530 | Abyss:2  | Reached skill level 1 in Armour
 38696 | Abyss:2  | Noticed a bone dragon
 38824 | Abyss:2  | Paralysed by a great orb of eyes for 7 turns
 38851 | Abyss:2  | Killed a bone dragon
 38984 | Abyss:2  | Identified the ring of Elyvilon's Scorn {rCorr +Inv rPois
                  | Str+3 Stlth-}
 39008 | Elf:1    | Escaped the Abyss
 39009 | Elf:1    | Noticed an Ice Fiend
 39034 | Elf:1    | Killed a deep elf blademaster
 40297 | Elf:3    | Entered Level 3 of the Elven Halls
 40483 | Elf:3    | Reached skill level 20 in Dodging
 41139 | Swamp:2  | Reached skill level 1 in Evocations
 41232 | Swamp:2  | Reached skill level 5 in Armour
 42085 | Swamp:3  | Identified the ring "Fucziblu" {+Blink rN+ EV+5}
 42409 | Swamp:4  | Entered Level 4 of the Swamp
 42739 | Swamp:4  | Reached XP level 19. HP: 118/157 MP: 21/21
 43377 | Swamp:4  | Reached skill level 5 in Evocations
 43548 | Swamp:4  | Noticed the 27-headed Lernaean hydra
 44804 | Spider:2 | Noticed Aizul
 44924 | Spider:1 | Killed Aizul
 45647 | Spider:3 | Found a runed translucent door.
 45648 | Spider:3 | Found a shimmering altar of Xom.
 45648 | Spider:3 | Noticed Ikly's ghost (journeyman GrFi)
 45864 | Spider:3 | Killed Ikly's ghost
 45889 | Spider:3 | Got a pitted copper ring
 45890 | Spider:3 | Identified the ring of Ryshocine {MP+9 SInv} (You found it
                  | on level 3 of the Spider Nest)
 45979 | Spider:3 | Noticed Asterion
 45987 | Spider:3 | Killed Asterion
 46071 | Spider:3 | Reached skill level 21 in Dodging
 46283 | Spider:4 | Entered Level 4 of the Spider Nest
 46519 | Spider:4 | Reached skill level 10 in Evocations
 46519 | Spider:4 | Reached XP level 20. HP: 161/168 MP: 27/27
 47855 | Spider:4 | Reached skill level 22 in Dodging
 48092 | Spider:4 | Got a gossamer rune of Zot
 48352 | Vaults:1 | Entered Level 1 of the Vaults
 48560 | Vaults:1 | Reached skill level 5 in Throwing
 48588 | Vaults:1 | Found Zazeisi's General Store.
 48777 | Vaults:1 | Gained mutation: You are weak. (Str -2) [mutagenic glow]
 48925 | Vaults:1 | Gained mutation: Armour fits poorly on your strangely
                  | shaped body. [mutagenic glow]
 50028 | Vaults:2 | Reached skill level 23 in Dodging
 50439 | Vaults:2 | Reached XP level 21. HP: 161/177 MP: 28/28
 50532 | Vaults:2 | Found a glowing silver altar of Zin.
 50624 | Vaults:2 | Found Eloahar's Distillery.
 50630 | Vaults:2 | Bought a potion of might for 68 gold pieces
 50630 | Vaults:2 | Bought 2 potions of heal wounds for 170 gold pieces
 50630 | Vaults:2 | Bought a potion of curing for 51 gold pieces
 50630 | Vaults:2 | Bought a potion of heal wounds for 85 gold pieces
 50630 | Vaults:2 | Bought a potion of curing for 51 gold pieces
 50755 | Vaults:2 | Found a staircase to the Crypt.
 50755 | Vaults:2 | Found a basalt altar of Yredelemnul.
 50756 | Vaults:2 | Found an ancient bone altar of Kikubaaqudgha.
 52344 | Vaults:3 | Reached skill level 10 in Throwing
 52453 | Vaults:3 | Reached skill level 24 in Dodging
 53614 | Vaults:4 | Found a stormy altar of Qazlal.
 53692 | Vaults:4 | Cast into level 2 of the Abyss (a deep elf sorcerer)
 53695 | Abyss:2  | Found a corrupted altar of Lugonu.
 53755 | Abyss:3  | Found a corrupted altar of Lugonu.
 53871 | Abyss:3  | Identified the +7 battleaxe of Righteous Anger {antimagic,
                  | rC+ rN+ Dex-5 SInv}
 53887 | Vaults:4 | Escaped the Abyss
 53921 | Vaults:4 | Cast into level 2 of the Abyss (a deep elf sorcerer)
 53921 | Abyss:2  | Found a corrupted altar of Lugonu.
 54655 | Abyss:2  | Found a corrupted altar of Lugonu.
 54726 | Vaults:4 | Escaped the Abyss
 54774 | Vaults:4 | Found a flickering gateway to a bazaar.
 54793 | Bazaar   | Entered a bazaar
 54793 | Bazaar   | Found Gelue's Book Shop.
 54793 | Bazaar   | Found Fapsess's Weapon Emporium.
 54793 | Bazaar   | Found Ticih's General Store.
 54793 | Bazaar   | Found Hiokop's Armour Shoppe.
 54796 | Bazaar   | Found Xaetih's Gadget Boutique.
 54796 | Bazaar   | Found Ucytaa's Food Shoppe.
 54950 | Vaults:4 | Gained mutation: You tend to lose your temper in combat.
                  | [mutagenic glow]
 54985 | Vaults:4 | Gained mutation: Your magical capacity is low. (-10% MP)
                  | [mutagenic glow]
 54986 | Vaults:4 | Lost mutation: You tend to lose your temper in combat.
                  | [potion of mutation]
 54986 | Vaults:4 | Lost mutation: Your magical capacity is low. (-10% MP)
                  | [potion of mutation]
 54986 | Vaults:4 | Lost mutation: Armour fits poorly on your strangely shaped
                  | body. [potion of mutation]
 54986 | Vaults:4 | Gained mutation: Your body sometimes deteriorates upon
                  | taking damage. [potion of mutation]
 54986 | Vaults:4 | Gained mutation: You are partially covered in large bone
                  | plates. (SH +4) [potion of mutation]
 54986 | Vaults:4 | Gained mutation: You are resistant to hostile enchantments.
                  | (MR+) [potion of mutation]
 54986 | Vaults:4 | Gained mutation: Your spells are a little harder to cast,
                  | but a little more powerful. [potion of mutation]
 55148 | Vaults:4 | Identified Alolinul's Handbook of the Glacier and Summoning
 55236 | Vaults:4 | Reached XP level 22. HP: 135/186 MP: 30/30
 55747 | Vaults:4 | Reached skill level 25 in Dodging
 56374 | Vaults:5 | Entered Level 5 of the Vaults
 56982 | Vaults:5 | Noticed a golden dragon
 57906 | Vaults:4 | Paralysed by a sphinx for 4 turns
 58008 | Vaults:4 | Reached XP level 23. HP: 140/196 MP: 32/32
 58157 | Vaults:4 | Killed a golden dragon
 58281 | Vaults:5 | Reached skill level 26 in Dodging
 58683 | Vaults:4 | Mangled by a titan

Skill      XL: |  1  2  3  4  5  6  7  8  9 10 11 12 13 14 15 16 17 18 19 20 21 22 23 |
---------------+----------------------------------------------------------------------+-----
Short Blades   | 4 5 6 7 8 9 |  9.0
Dodging        | 5 6 7 8 10 12 13 15 16 17 18 19 20 21 23 24 25 26 | 26.2
Long Blades    | 4 7 10 12 13 | 13.6
Fighting       | 4 6 8 9 10 12 13 14 15 16 17 18 20 | 20.5
Shields        | 2 6 9 11 13 15 | 15.0
Throwing       | 2 4 7 10 | 10.0
Stealth        | 3 10 13 14 | 14.2
Armour         | 5 6 8 |  8.0
Evocations     | 3 10 11 12 | 12.1

Action                   |  1- 3 |  4- 6 |  7- 9 | 10-12 | 13-15 | 16-18 | 19-21 | 22-24 || total
-------------------------+-------+-------+-------+-------+-------+-------+-------+-------++-------
Melee: Short sword       |    90 |       |       |    16 |       |       |       |       ||   106
       Dagger            |    14 |   162 |   489 |   588 |   382 |   242 |   184 |       ||  2061
       Tailslap          |       |       |    21 |     1 |    45 |    40 |    43 |       ||   150
       Falchion          |       |       |       |   514 |   571 |   106 |       |       ||  1191
       Scimitar          |       |       |       |    23 |  1328 |  2334 |  2401 |  1046 ||  7132
       Rapier            |       |       |       |       |     8 |       |       |       ||     8
 Fire: Hunting sling     |       |       |       |       |       |     6 |       |       ||     6
Throw: Tomahawk          |       |       |     4 |    14 |    58 |    61 |    43 |     1 ||   181
       Javelin           |       |       |       |       |    10 |    10 |       |       ||    20
Invok: Shadow Step       |       |       |       |     1 |     9 |     1 |     3 |       ||    14
 Abil: Evoke Invisibilit |       |       |       |       |     1 |     3 |     9 |       ||    13
Evoke: Wand              |       |       |       |    12 |    13 |    44 |       |    17 ||    86
       Phantom mirror    |       |       |       |     1 |       |       |     1 |       ||     2
       Lamp of fire      |       |       |       |       |     1 |     1 |       |     1 ||     3
       Sack of spiders   |       |       |       |       |       |     1 |       |       ||     1
       Lightning rod     |       |       |       |       |       |       |       |     5 ||     5
  Use: Scroll            |     2 |     9 |     5 |    15 |    14 |    21 |     9 |     1 ||    76
       Potion            |       |       |       |    12 |     8 |    18 |     3 |     3 ||    44
 Stab: Sleeping          |     8 |    11 |    29 |    16 |    37 |    44 |    60 |     3 ||   208
       Distracted        |       |       |       |     2 |     4 |    10 |     8 |       ||    24
       Paralysed         |       |       |       |     2 |       |       |       |       ||     2
       Invisible         |       |       |       |       |     1 |    22 |    15 |       ||    38
       Confused          |       |       |       |       |       |     1 |       |       ||     1
       Held in net/web   |       |       |       |       |       |       |     3 |       ||     3
  Eat: Chunk             |     2 |     6 |    12 |     9 |    24 |    22 |    20 |     4 ||    99
       Ration            |       |       |       |     7 |     5 |     8 |     8 |     3 ||    31
Armor: Robe              |     5 |       |       |       |       |       |       |       ||     5
       Leather armour    |    25 |    15 |    17 |    65 |       |    19 |       |       ||   141
       Skin              |       |       |       |    24 |       |       |       |       ||    24
       Troll leather arm |       |       |       |     4 |   200 |   310 |   350 |   106 ||   970
Dodge: Dodged            |   113 |    88 |   245 |   835 |  1376 |  1904 |  2858 |  1010 ||  8429
Block: Buckler           |       |       |       |    91 |       |       |       |       ||    91
       Shield            |       |       |       |       |  1503 |  2084 |  2862 |  1326 ||  7775
       Rpst.: Falchion   |       |       |       |   102 |    61 |    14 |       |       ||   177
       Scimitar          |       |       |       |     5 |   189 |   302 |   498 |   192 ||  1186
